 Seeded DCSS version 0.30-a0-341-g682706514a (webtiles) character file.

Game seed: 6343297186996179794 (custom seed)

43 koil the Sneak (level 3, -1/18 HPs)
             Began as a Spriggan Brigand on Nov 2, 2022.
             Slain by an orc
             ... wielding a +0 mace
              (7 damage)
             ... on level 3 of the Dungeon.
             The game lasted 00:03:17 (1498 turns).

koil the Sneak (Spriggan Brigand)                   Turns: 1498, Time: 00:03:17

Health: -1/18      AC:  3    Str:  7    XL:     3   Next: 37%
Magic:  5/5        EV: 17    Int: 14    God:
Gold:   116        SH:  0    Dex: 16    Spells: 4/4 levels left

rFire   . . .      SeeInvis +    a - +2 dagger
rCold   . . .      Faith    .    (no shield)
rNeg    . . .      Spirit   .    b - +0 robe
rPois   .          Reflect  .    (helmet restricted)
rElec   .          Harm     .    c - +0 cloak
rCorr   .          Rampage  .    (gloves unavailable)
Will    +....                    (boots unavailable)
Stlth   +++.......               (no amulet)
HPRegen 0.23/turn                m - ring of willpower
MPRegen 0.09/turn                (no ring)

@: very quick
A: very small, no large weapons, unfitting armour, see invisible, speed 3
a: no special abilities


You were on level 3 of the Dungeon.
You visited 1 branch of the dungeon, and saw 3 of its levels.

You collected 116 gold pieces.

Inventory:

Hand Weapons
 a - a +2 dagger (weapon)
Missiles
 d - 9 poisoned darts (quivered)
 e - 3 curare-tipped darts
Armour
 b - a +0 robe (worn)
 c - a +0 cloak (worn)
 j - an orb of energy
Jewellery
 m - a ring of willpower (left hand)
 n - a ring of fire
Scrolls
 h - 2 scrolls of identify {unknown}
 i - a scroll of teleportation {unknown}
 o - a scroll of immolation {unknown}
Potions
 f - 2 potions of lignification {unknown}
 g - a potion of brilliance {unknown}
 k - a potion of might {unknown}
 l - a potion of attraction {unknown}


   Skills:
 + Level 1.8 Fighting
 + Level 2.5 Short Blades
 - Level 2.0 Throwing
 + Level 2.0 Dodging
 + Level 6.1 Stealth
 + Level 1.0 Spellcasting
 + Level 0.3 Conjurations
 + Level 1.0 Hexes
 + Level 0.9 Poison Magic


You had 4 spell levels left.
You didn't know any spells.
Your spell library contained the following spells:

 Spells                   Type           Power      Damage    Failure   Level
 Summon Guardian Golem    Hex/Summ       2%         N/A       54%         3
 Olgreb's Toxic Radiance  Pois           3%         N/A       87%         4
 Orb of Destruction       Conj           0%         9d5       100%        7
 Ozocubu's Refrigeration  Ice            0%         4d7       100%        7
 Spellforged Servitor     Conj/Summ      0%         N/A       100%        7
 Ignition                 Fire           0%         3d3       100%        8


Dungeon Overview and Level Annotations

Branches:
Dungeon (3/15)

Altars:


Innate Abilities, Weirdness & Mutations

You are very small and have problems with some larger weapons.
You are too small for most types of armour.
You have supernaturally acute eyesight. (SInv)
You cover ground extremely quickly. (Speed+++)


Message History

The orc misses you.
You hit the orc. Your punch misses the orc.
The orc is almost dead.
The orc misses you.
You hit the orc.
You kill the orc!
You closely miss the adder. The adder bites you.
You are poisoned.
The adder poisons you!
You hit the adder.
The adder is lightly wounded.
You feel sick.
An orc comes into view. It is wielding a +0 mace.
The adder barely misses you.
The orc shouts!
You hit the adder.
The adder is moderately wounded.
You feel sick.
You hear a shout!
The adder completely misses you.
You hit the adder but do no damage.
The adder is moderately wounded.
You feel sick. The adder bites you. The adder barely misses you.
You hit the adder.
The adder is moderately wounded.
You feel sick.
You are no longer poisoned.
The adder bites you.
* * * LOW HITPOINT WARNING * * *
You hit the adder.
The adder is heavily wounded.
The adder completely misses you.
You hit the adder.
The adder is almost dead.
The adder bites you but does no damage.
You hit the adder.
You kill the adder!
Your Dodging skill increases to level 2!
You closely miss the orc. The orc hits you with a +0 mace!
You die...

#......♣.♣.♣####
#..........#...#
#......♣...♣...#
###.............
#.>..♣.♣.♣....
#.....#.#.....
#.#####.#.####
... #.#.# ###
#@# #o# #o. ####


You could see 2 orcs.

Vanquished Creatures
  An adder (D:3)
  2 orcs (D:3)
  2 ball pythons (D:2)
  3 endoplasms
  A giant cockroach (D:1)
  2 hobgoblins (D:1)
  A quokka (D:2)
  6 bats
  3 frilled lizards
  3 goblins (D:2)
  3 kobolds
  4 rats
31 creatures vanquished.

Notes
Turn   | Place    | Note
-------+----------+-------------------------------------------
     0 | D:1      | koil the Spriggan Brigand began the quest for the Orb.
     0 | D:1      | Reached XP level 1. HP: 10/10 MP: 2/2
   335 | D:1      | Reached XP level 2. HP: 15/15 MP: 3/3
   739 | D:2      | Reached skill level 6 in Stealth
  1056 | D:2      | Reached skill level 1 in Spellcasting
  1237 | D:2      | Reached XP level 3. HP: 18/18 MP: 5/5
  1481 | D:3      | Reached skill level 1 in Hexes
  1498 | D:3      | Slain by an orc

Illustrated notes

Levels and vault maps discovered:
D:1:      dpeg_arrival_rooms_c, layout_loops_ring
D:2:      layout_basic
D:3:      layout_basic, ebering_ecumenical_altar_mist, serial_forest,
          infiniplex_forest_lined_4_way, infiniplex_forest_clump_long,
          infiniplex_forest_clump_curved, infiniplex_forest_clump_medium,
          infiniplex_forest_lined_1, infiniplex_forest_clump_small,
          infiniplex_forest_lined_room_, infiniplex_forest_clump_double,
          goddamned_bats, uniq_pargi, uniq_grinder, uniq_jessica,
          uniq_crazy_yiuf_cottage

Skill      XL: |  1  2  3 |
---------------+----------+-----
Stealth        | 6 |  6.1
Spellcasting   | 1 |  1.0
Hexes          | 1 |  1.0
Dodging        | 2 |  2.0
Fighting       | |  1.8
Short Blades   | |  2.5
Throwing       | |  2.0
Conjurations   | |  0.3
Poison Magic   | |  0.9

Action                   || total
-------------------------++-------
Melee: Dagger            ||    74
       Punch             ||     1
 Stab: Sleeping          ||    13
Armor: Robe              ||    12
Dodge: Dodged            ||    34

Table legend: (Time is in decaauts)
 A = Elapsed time spent in this place.
 B = Non-inter-level travel time spent in this place.
 C = Inter-level travel time spent in this place.
 D = Time resting spent in this place.
 E = Time spent auto-exploring this place.
 F = Levels seen in this place.
 G = Mean time per level.
                   A        B        C        D        E       F      G
               +--------+--------+--------+--------+--------+-----+--------+
         Total |    946 |    919 |     27 |      0 |    750 |   3 |  315.3 |
       Dungeon |    946 |    919 |     27 |      0 |    750 |   3 |  315.3 |
               +--------+--------+--------+--------+--------+-----+--------+

Top non-repeatable levels by time:
     D:2: 567 daAuts
     D:1: 351 daAuts
     D:3: 26 daAuts
